 Dungeon Crawl Stone Soup version 0.25-a0-737-g26c3a87c45 (webtiles) character file.

Game seed: 4110455655138737484, levelgen mode: deterministic

165 Maedhros the Sneak (level 5, -1/33 HPs)
             Began as an Octopode Artificer on Apr 12, 2020.
             Slain by an orc wizard
             ... wielding a +0 dagger
              (3 damage)
             ... on level 4 of the Dungeon.
             The game lasted 00:03:26 (589 turns).

Maedhros the Sneak (Octopode Artificer)              Turns: 589, Time: 00:03:27

Health: -1/33      AC:  1    Str: 11    XL:     5   Next: 46%
Magic:  7/7        EV: 13    Int: 14    God:
Gold:   49         SH:  0    Dex: 13    Spells: 4/4 levels left

rFire    . . .     SeeInvis .   i - +1 mace (protect)
rCold    . . .     Gourm    .   (no shield)
rNeg     . . .     Faith    .   (helmet restricted)
rPois    .         Spirit   .   (no amulet)
rElec    .         Reflect  .   (no ring)
rCorr    .         Harm     .   (no ring)
MR       .....                  (no ring)
Stlth    ++++......             (no ring)
HPRegen  0.11/turn              (no ring)
MPRegen  0.10/turn              (no ring)
                                (no ring)
                                (no ring)

@: lethally poisoned (-1 -> -10), flying
A: almost no armour, stealthy swim, amphibious, 8 rings, constrict 8, camouflage
1, gelatinous body 1
a: no special abilities


You were on level 4 of the Dungeon.
You were not hungry.

You visited 1 branch of the dungeon, and saw 4 of its levels.

You collected 49 gold pieces.

Inventory:

Hand Weapons
 a - a +0 short sword
 e - a +0 whip of venom
 i - a +1 mace of protection (weapon)
Missiles
 g - 8 atropa-tipped darts (quivered)
Jewellery
 h - an uncursed ring of flight {unknown}
Wands
 b - a wand of flame (13)
 c - a wand of enslavement (13)
 d - a wand of random effects (11)
 j - a wand of clouds (4)
Scrolls
 k - a scroll of teleportation
 m - a scroll of amnesia {unknown}
 n - a scroll of magic mapping {unknown}
 o - a scroll of identify
 p - a scroll of fog {unknown}
Comestibles
 f - 3 rations
 q - 2 chunks of flesh


   Skills:
 - Level 1.0 Fighting
 - Level 1.0 Short Blades
 - Level 2.0 Dodging
 + Level 5.3 Stealth
 + Level 3.4 Unarmed Combat
 - Level 3.2 Evocations


You had 4 spell levels left.
You didn't know any spells.
Your spell library was empty.

Dungeon Overview and Level Annotations

Branches:
Dungeon (4/15)
 Temple: D:4-7

Altars:
Ashenzari
Dithmenos
Elyvilon


Innate Abilities, Weirdness & Mutations

You cannot wear most types of armour.
You are very stealthy in the water. (Stealth+)
You are amphibious.
You can wear up to eight rings at the same time.
You can use your tentacles to constrict eight enemies at once.
Your skin changes colour to match your surroundings (Stealth+).
Your rubbery body absorbs attacks. (AC +1, EV +1)


Message History

An orc comes into view. It is wielding a +0 falchion.
The adder misses you.
You completely miss the adder. You grab the adder.
The adder is moderately wounded.
You constrict the adder.
* * * LOW HITPOINT WARNING * * *
You feel sick.
The adder dies!
The orc wizard barely misses you. The adder closely misses you.
The orc wizard hits you with a +0 dagger.
* * * LOW HITPOINT WARNING * * *
You barely miss the orc wizard. You grab the orc wizard.
You constrict the adder.
You constrict the orc wizard, but do no damage.
* * * LOW HITPOINT WARNING * * *
You feel sick.
The orc wizard hits you but does no damage.
The adder misses you.
The orc wizard hits you with a +0 dagger.
You die...

.. #... ..####+###
#..............#########
#.......................
+..............@S.......
#.....# ##....o##.......
#.....####.....# .....##
.+......<.......##.....#
.#.......................
.#..........)..[.........
##.......................
##.......................
.................#...#


You could see an orc wizard and an adder.

Vanquished Creatures
  An ogre (D:4)
  A worker ant (D:4)
  An adder (D:2)
  2 worms (D:2)
  4 bats
  A giant cockroach (D:2)
  3 goblins
  5 hobgoblins
  A ball python (D:4)
  3 kobolds (D:2)
  A rat (D:2)
23 creatures vanquished.

Vanquished Creatures (collateral kills)
  A worker ant (D:4)
1 creature vanquished.

Vanquished Creatures (others)
  Pikel (D:4)
  An adder (D:4)
2 creatures vanquished.

Grand Total: 26 creatures vanquished

Notes
Turn   | Place    | Note
-------+----------+-------------------------------------------
     0 | D:1      | Maedhros the Octopode Artificer began the quest for the
                  | Orb.
     0 | D:1      | Reached XP level 1. HP: 13/13 MP: 3/3
   133 | D:1      | Reached skill level 2 in Stealth
   136 | D:1      | Reached skill level 1 in Unarmed Combat
   136 | D:1      | Reached XP level 2. HP: 16/18 MP: 4/4
   247 | D:2      | Found a shattered altar of Ashenzari.
   249 | D:2      | Found a white marble altar of Elyvilon.
   251 | D:2      | Found a shadowy altar of Dithmenos.
   391 | D:2      | Reached skill level 3 in Stealth
   397 | D:2      | Reached XP level 3. HP: 18/23 MP: 5/5
   485 | D:4      | Noticed Pikel
   485 | D:4      | Noticed a slave
   485 | D:4      | Noticed a slave
   485 | D:4      | Noticed a slave
   487 | D:4      | Noticed a freed slave
   492 | D:4      | Reached XP level 4. HP: 23/28 MP: 6/6
   497 | D:4      | Reached skill level 4 in Stealth
   548 | D:4      | Noticed an ogre
   561 | D:4      | Noticed an ogre
   566 | D:4      | Killed an ogre
   566 | D:4      | Reached skill level 5 in Stealth
   566 | D:4      | Reached XP level 5. HP: 17/33 MP: 7/7
   588 | D:4      | Killed Pikel
   589 | D:4      | Slain by an orc wizard

Levels and vault maps discovered:
D:1:      dpeg_arrival_concentric_ovals, layout_basic, st_stairs_4
D:2:      layout_loops_ring, grunt_temple_overflow_diamond, minmay_3d_cube,
          uniq_robin
D:3:      corexii_shack_village, layout_basic, elyvilon_altar_5
D:4:      layout_gridville, overflow_temple_1_default,
          kennysheep_generic_room_3, uniq_pikel

Skill      XL: |  1  2  3  4 |
---------------+-------------+-----
Stealth        | 2 3 5 |  5.3
Unarmed Combat | 1 2 3 |  3.4
Fighting       | |  1.0
Short Blades   | |  1.0
Dodging        | |  2.0
Evocations     | |  3.2

Action                   |  1- 3 |  4- 6 || total
-------------------------+-------+-------++-------
Melee: Whip              |     8 |       ||     8
       Mace              |    37 |     9 ||    46
       Constrict         |    14 |     3 ||    17
       Tentacles         |     5 |       ||     5
       Punch             |       |     1 ||     1
Evoke: Wand              |     1 |     7 ||     8
  Use: Scroll            |       |     2 ||     2
       Potion            |       |     1 ||     1
 Stab: Sleeping          |     7 |       ||     7
Armor: Skin              |     4 |     2 ||     6
Dodge: Dodged            |    28 |    16 ||    44

Table legend:
 A = Non-vault XP
 B = Vault XP
 C = Vault XP percentage of total XP
 D = Non-vault monster count
 E = Vault monster count
 F = Vault count percentage of total count
                 A         B        C        D         E       F
            +---------+---------+-------+---------+---------+-------
      Total |     230 |       6 |   2.5 |      22 |       3 |  12.0
            +---------+---------+-------+---------+---------+-------
        D:1 |       7 |       6 |  46.2 |       4 |       3 |  42.9
        D:2 |      38 |       0 |   0.0 |      12 |       0 |   0.0
        D:3 |       1 |       0 |   0.0 |       1 |       0 |   0.0
        D:4 |     184 |       0 |   0.0 |       5 |       0 |   0.0
            +---------+---------+-------+---------+---------+-------
